 Dungeon Crawl Stone Soup version 0.28-a0-422-gd71735cc25 (webtiles) character file.

Game seed: 9801464571565664731

30 heikuro the Shield-Bearer (level 3, 0/29 HPs)
             Began as a Formicid Fighter on Sept 9, 2021.
             Was an Initiate of Ashenzari.
             Slain by an adder (4 damage)
             ... on level 1 of the Dungeon.
             The game lasted 00:01:38 (713 turns).

heikuro the Shield-Bearer (Formicid Fighter)         Turns: 713, Time: 00:01:39

Health: 0/29       AC:  6    Str: 21    XL:     3   Next: 37%
Magic:  3/3        EV:  9    Int:  7    God:    Ashenzari [......]
Gold:   22         SH:  4    Dex: 10    Spells: 2/2 levels left

rFire   + . .      SeeInvis +   a - +0 long sword
rCold   . . .      Faith    .   c - +0 buckler
rNeg    . . .      Spirit   .   b - +0 scale mail "Shackled Prison" {Alch, Elem} (curse)
rPois   .          Reflect  .   (helmet unavailable)
rElec   .          Harm     .   (no cloak)
rCorr   .          Rampage  .   (no gloves)
Will    .....                   (no boots)
Stlth   ..........              (no amulet)
HPRegen 0.09/turn               g - ring of protection from fire
MPRegen 0.08/turn               (no ring)

@: no status effects
A: permanent stasis, dig shafts and tunnels, antennae 3, four strong arms
a: Dig, Shaft Self, Renounce Religion, Curse Item, Shatter the Chains


You were on level 1 of the Dungeon.
You worshipped Ashenzari.
Ashenzari was noncommittal.
You visited 1 branch of the dungeon, and saw 2 of its levels.

You collected 22 gold pieces.

Inventory:

Hand Weapons
 a - a +0 long sword (weapon)
Armour
 b - the cursed +0 scale mail "Shackled Prison" (worn) {Alch, Elem}

   It has a curse which improves the following skills: Alchemy: Poison Magic and
   Transmutations.
   Elements:  Fire Magic, Ice Magic, Air Magic and Earth Magic.
 c - a +0 buckler (worn)
Jewellery
 f - a ring of ice
 g - a ring of protection from fire (left hand)
Scrolls
 e - a scroll of summoning
Potions
 d - a potion of might


   Skills:
 + Level 3.6 Fighting
 * Level 2.7 Long Blades
 + Level 3.6 Armour
 + Level 4.0 Shields


You had 2 spell levels left.
You didn't know any spells.
Your spell library was empty.

Dungeon Overview and Level Annotations

Branches:
Dungeon (2/15)

Altars:
Ashenzari


Innate Abilities, Weirdness & Mutations

You cannot be hasted, slowed, berserked, paralysed or teleported.
You can dig through walls and to a lower floor.
You have a pair of large antennae on your head. (SInv)
Your four strong arms can wield two-handed weapons with a shield.


Message History

You are poisoned.
The adder poisons you!
You climb upwards.
You feel sick.
There is a stone staircase leading down here.
You extend your mandibles.
You dig through the rock wall.
You feel sick.
You barely miss the adder.
You feel sick.
The adder bites you but does no damage. x2
You barely miss the adder.
You feel sick.
You are no longer poisoned.
The adder bites you.
You are poisoned.
The adder poisons you! The adder barely misses you.
You closely miss the adder.
You feel sick. You block the adder's attack.
You closely miss the adder.
You feel sick. You block the adder's attack. The adder bites you.
You are more poisoned.
The adder poisons you!
You barely miss the adder.
You feel very sick.
The adder bites you but does no damage. x2
You closely miss the adder.
You feel sick. You block the adder's attack.
You closely miss the adder.
You feel sick. The adder barely misses you.
The adder bites you but does no damage.
You barely miss the adder.
You feel sick. The adder barely misses you. The adder closely misses you.
You slash the adder!
The adder is severely wounded.
You feel sick. The adder bites you but does no damage.
You closely miss the adder.
The adder is severely wounded.
You feel sick.
You are no longer poisoned.
The adder closely misses you.
The quokka twitches its whiskers.
You block the adder's attack.
You barely miss the adder.
The adder is severely wounded.
The adder bites you.
You die...

.# #.##.#.#...#######
.####.##.#.##..####
.........#........#
.........####..##.#
........## #..##.#
........## #..##.#
.........# ###.##.#
..)......###..rS#.####
..............##@....#
##########..#...####.#
##...#.####.#
#.#........#
#...#......#
#.#........#
#...#......#
#.#........#
#...#..#####


You could see an adder and a quokka.

Vanquished Creatures
  A dart slug (D:1)
  A bat (D:2)
  5 endoplasms (D:1)
  3 giant cockroaches (D:1)
  A goblin (D:1)
  5 hobgoblins (D:1)
  2 kobolds (D:1)
  3 ball pythons (D:1)
  A frilled lizard (D:1)
  A rat (D:1)
23 creatures vanquished.

Notes
Turn   | Place    | Note
-------+----------+-------------------------------------------
     0 | D:1      | heikuro the Formicid Fighter began the quest for the Orb.
     0 | D:1      | Reached XP level 1. HP: 18/18 MP: 1/1
    51 | D:1      | Found a faded altar of an unknown god.
    55 | D:1      | Became a worshipper of Ashenzari the Shackled
    91 | D:1      | Reached XP level 2. HP: 24/24 MP: 2/2
   312 | D:1      | Reached XP level 3. HP: 29/29 MP: 3/3
   431 | D:1      | Reached skill level 4 in Shields
   713 | D:1      | Slain by an adder

Illustrated notes

Levels and vault maps discovered:
D:1:      ebering_hopf_link, layout_basic,
          hellmonk_ecumenical_altar_inner_sanctum, minmay_misc_feat_pillars
D:2:      layout_basic, uniq_sigmund

Skill      XL: |  1  2  3 |
---------------+----------+-----
Shields        | 4 |  4.0
Fighting       | |  3.6
Long Blades    | |  2.7
Armour         | |  3.6

Action                   || total
-------------------------++-------
Melee: Long sword        ||    71
Invok: Curse Item        ||     1
 Abil: Dig               ||     1
Armor: Scale mail        ||    34
Dodge: Dodged            ||    28
Block: Buckler           ||    17

Table legend: (Time is in decaauts)
 A = Elapsed time spent in this place.
 B = Non-inter-level travel time spent in this place.
 C = Inter-level travel time spent in this place.
 D = Time resting spent in this place.
 E = Time spent auto-exploring this place.
 F = Levels seen in this place.
 G = Mean time per level.
                   A        B        C        D        E       F      G
               +--------+--------+--------+--------+--------+-----+--------+
         Total |    733 |    710 |     23 |     51 |    434 |   2 |  366.5 |
       Dungeon |    733 |    710 |     23 |     51 |    434 |   2 |  366.5 |
               +--------+--------+--------+--------+--------+-----+--------+

Top non-repeatable levels by time:
     D:1: 697 daAuts
     D:2: 35 daAuts
